 Dungeon Crawl Stone Soup version 0.31-a0-232-gb1c03b2570 (webtiles) character file.

Game seed: 7209263613634622990

263 qw the Shooter (level 6, -1/38 HPs)
             Began as a Gargoyle Hexslinger on July 7, 2023.
             Frozen to death by an endoplasm (5 damage)
             ... on level 4 of the Dungeon.
             The game lasted 00:02:13 (3147 turns).

qw the Shooter (Gargoyle Hexslinger)                Turns: 3147, Time: 00:02:13

Health: -1/38      AC:  8    Str: 11    XL:     6   Next: 19%
Magic:  7/7        EV: 17    Int: 14    God:
Gold:   200        SH:  0    Dex: 14    Spells: 6/7 levels left

rFire   + . .        Y - +2 sling
rCold   . . .        (no shield)
rNeg    + . .        j - +1 robe {rF+}
rPois   inf          (no helmet)
rElec   +            l - +0 cloak
rCorr   .            (no gloves)
SInv    .            (no boots)
Will    .....        (no amulet)
Stlth   +            d - +5 ring of evasion
HPRegen 0.26/turn    (no ring)
MPRegen 0.10/turn

%: no passive effects
@: no status effects
A: sickness immunity, AC +4, negative energy resistance 1, electricity
resistance, torment resistance 1, petrification resistance
a: no special abilities


You were on level 4 of the Dungeon.
You visited 1 branch of the dungeon, and saw 4 of its levels.

You collected 200 gold pieces.


Innate Abilities, Weirdness & Mutations

You are immune to sickness and miasma.
Your stone body is resilient. (AC +4)
You are immune to poison.
You resist negative energy. (rN+)
You are resistant to electric shocks. (rElec)
You are resistant to unholy torment.
You are immune to petrification.


   Skills:
 - Level 3.7 Fighting
 + Level 5.3 Ranged Weapons
 - Level 1.5 Dodging
 - Level 1.0 Spellcasting
 - Level 2.6 Hexes


You had 6 spell levels left.
You knew the following spells:

 Your Spells              Type           Power      Damage    Failure   Level
a - Slow                  Hex            32%        N/A       9%          1

Your spell library contained the following spells:

 Spells                   Type           Power      Damage    Failure   Level
 Inner Flame              Hex/Fire       4%         N/A       41%         3
 Portal Projectile        Hex/Tloc       8%         N/A       41%         3
 Cause Fear               Hex            4%         N/A       65%         4

Inventory:

Hand Weapons
 Y - a +2 sling (weapon)
Armour
 i - a +0 ring mail
 j - a +1 robe of fire resistance (worn)
 l - a +0 cloak (worn)
Jewellery
 a - a ring of protection from cold
 d - a +5 ring of evasion (left hand)
Scrolls
 c - a scroll of identify
Potions
 b - a potion of magic
 f - a potion of curing

Dungeon Overview and Level Annotations

Branches:
Dungeon (4/15)
 Temple: D:4-7

Altars:
Yredelemnul

Annotations:
D:3 1 runed translucent door, Crazy Yiuf


Message History

The orc wizard gestures at you while chanting.
The puff of flame misses you. The orc wizard casts a spell at you.
The magic dart hits you! The ogre misses you.
You shoot a sling bullet.
The sling bullet barely misses the orc wizard.
The sling bullet barely misses the endoplasm.
The orc wizard casts a spell.
The orc wizard flickers and vanishes!
Deactivating autopickup; reactivate with Ctrl-A.
You shoot a sling bullet. The sling bullet hits the ogre!
The ogre is moderately wounded.
The ogre hits you with a +0 giant club!!
You hear some strange, mumbled words.
A magic dart appears from out of thin air!
The magic dart hits you.
The endoplasm hits you but does no damage.
You shoot a sling bullet.
The sling bullet barely misses the ogre.
The ogre barely misses you. Something closely misses you.
The endoplasm completely misses you.
You shoot a sling bullet.
The sling bullet barely misses the ogre.
You hear some strange, mumbled words.
A puff of flame appears from out of thin air!
The puff of flame hits you. You resist. The endoplasm misses you.
The ogre closely misses you.
You shoot a sling bullet.
The sling bullet barely misses the ogre.
The endoplasm freezes you.
You are frozen.
You hear some strange, mumbled words.
A magic dart appears from out of thin air!
The magic dart hits you but does no damage.
You shoot a sling bullet.
The sling bullet barely misses the ogre.
Something hits you. The ogre barely misses you. The endoplasm freezes you.
You are frozen.
You die...

#. ..#.### #. #.
#.#.# #. #.
####.#.# #.
#####.##....).#
#.
.............##
..
#####.#.#####.##
#.....)##.(.##.#
...####.'....?#.#
#.##($###.@$.$#.#
#.#..)[##O{J..#.#
#.#.[?.'#Kz|(##.#
#.##./##W#####.##
#..#####'#.)..##
#.....##.##.###
.##..#$..#.#
...##.##.#


You could see an ogre, a phantom, a wight, an endoplasm and a kobold.

Vanquished Creatures
  An ogre (D:4)
  A scorpion (D:4)
  5 adders
  An ufetubus (D:4)
  A dart slug (D:2)
  2 orcs
  8 endoplasms
  12 goblins
  8 hobgoblins
  3 quokkas
  3 ball pythons
  5 frilled lizards
  8 kobolds
  8 rats
66 creatures vanquished.

Notes
Turn   | Place    | Note
-------+----------+-------------------------------------------
     0 | D:1      | qw the Gargoyle Hexslinger began the quest for the Orb.
     0 | D:1      | Reached XP level 1. HP: 12/12 MP: 2/2
     0 | D:1      | 0 ||| qw: Version: 0.3-a-46-gb1f654a
     0 | D:1      | 0 ||| qw: Game counter: 2766
     0 | D:1      | 0 ||| qw: Melee chars always use a shield: true
     0 | D:1      | 0 ||| qw: God list: Okawaru
     0 | D:1      | 0 ||| qw: Allow faded altars: false
     0 | D:1      | 0 ||| qw: Do Orc after clearing Dungeon:15 true
     0 | D:1      | 0 ||| qw: Do second Lair branch before Depths: true
     0 | D:1      | 0 ||| qw: Lair rune preference: random
     0 | D:1      | 0 ||| qw: Goals: Normal
     0 | D:1      | 0 ||| PLANNING D:1-11
    87 | D:1      | Reached XP level 2. HP: 16/16 MP: 3/3
   212 | D:1      | Reached skill level 3 in Ranged Weapons
   619 | D:1      | 619 ||| UPGRADING to +0 ring mail.
   629 | D:1      | 629 ||| DROPPING +0 robe.
   630 | D:1      | 630 ||| UPGRADING to +1 robe of fire resistance.
   640 | D:1      | 640 ||| UPGRADING to +0 cloak.
   645 | D:1      | 645 ||| DROPPING ring of flight.
   646 | D:1      | 646 ||| READING scroll labelled CANAUPR DEIJYAFAE.
   647 | D:1      | 647 ||| READING scroll labelled USUTWA JYRCHA.
   648 | D:1      | 648 ||| READING scroll labelled QAOLEZ WEDA.
   649 | D:1      | 649 ||| READING scroll labelled ARRIRAHOH KAC.
   650 | D:1      | 650 ||| READING scroll labelled REMPIRCH IPYJECH.
   651 | D:1      | 651 ||| READING scroll labelled KOZEWN FALO.
   655 | D:1      | 655 ||| READING scroll labelled VOMEQA XITUOWU.
   656 | D:1      | 656 ||| DROPPING scroll of poison.
   748 | D:2      | Reached XP level 3. HP: 22/22 MP: 4/4
   757 | D:2      | Found a faded altar of an unknown god.
  1136 | D:2      | Reached XP level 4. HP: 27/27 MP: 5/5
  1296 | D:2      | 1296 ||| DRINKING 2 coppery potions.
  2310 | D:3      | Found a runed translucent door.
  2311 | D:3      | Noticed Crazy Yiuf
  2376 | D:3      | Reached skill level 4 in Ranged Weapons
  2585 | D:3      | 2585 ||| FLEEEEING.
  2619 | D:3      | Found a basalt altar of Yredelemnul.
  2833 | D:3      | 2833 ||| READING scroll labelled XUETAL PECKUYX.
  2834 | D:3      | 2834 ||| READING scroll labelled DAWNOSTR WOTUAH.
  2835 | D:3      | 2835 ||| READING scroll labelled YTHRAE YLYXIDD.
  3021 | D:4      | Noticed a scorpion
  3022 | D:4      | Noticed an ogre
  3027 | D:4      | HP: 6/27 [ogre/+0 giant club (21)]
  3028 | D:4      | 3028 ||| DRINKING potion of heal wounds.
  3032 | D:4      | Killed an ogre
  3033 | D:4      | Reached skill level 5 in Ranged Weapons
  3033 | D:4      | Reached XP level 5. HP: 28/31 MP: 6/6
  3051 | D:4      | Noticed a phantom
  3051 | D:4      | Noticed an ogre
  3054 | D:4      | 3054 ||| UPGRADING to +5 ring of evasion.
  3055 | D:4      | 3055 ||| READING 3 scrolls of identify.
  3055 | D:4      | 3055 ||| IDENTIFYING fuming purple potion
  3056 | D:4      | 3056 ||| READING 2 scrolls of identify.
  3056 | D:4      | 3056 ||| IDENTIFYING smoky coppery potion
  3095 | D:4      | Reached skill level 3 in Fighting
  3095 | D:4      | Reached XP level 6. HP: 31/38 MP: 7/7
  3143 | D:4      | HP: 7/38 [something/magic dart (5)]
  3147 | D:4      | Frozen to death by an endoplasm

Levels and vault maps discovered:
D:1:      tarquinn_simple_flora_water_c, layout_loops_cross, minmay_pentomino_z4
D:2:      layout_basic, serial_forest, infiniplex_forest_lined_1,
          infiniplex_forest_clump_diagonal, infiniplex_forest_clump_cross,
          infiniplex_forest_zigzag_1, infiniplex_forest_clump_curved,
          infiniplex_forest_lined_corner, infiniplex_forest_corner_2,
          infiniplex_forest_clump_curved, infiniplex_forest_split,
          nicolae_ecumenical_lake_church
D:3:      layout_loops_ring, marbit_many_paths, item_on_display_b,
          uniq_crazy_yiuf_cottage
D:4:      layout_loops_cross, minmay_temple_entry_offerings, serial_shops,
          nicolae_shop_back_alley_shop, minmay_joined_circles

Skill      XL: |  1  2  3  4  5 |
---------------+----------------+-----
Ranged Weapons | 3 5 |  5.3
Fighting       | 2 3 |  3.7
Dodging        | |  1.5
Spellcasting   | |  1.0
Hexes          | |  2.6

Action                     |  1- 3 |  4- 6 || total
---------------------------+-------+-------++-------
   Fire: Sling             |    82 |   137 ||   219
    Use: Scroll            |     7 |     5 ||    12
         Potion            |       |     2 ||     2
 Armour: Robe              |     6 |    19 ||    25
  Dodge: Dodged            |    10 |    76 ||    86

Table legend:
 A = Non-vault XP
 B = Vault XP
 C = Vault XP percentage of total XP
 D = Non-vault monster count
 E = Vault monster count
 F = Vault count percentage of total count
                 A         B        C        D         E       F
            +---------+---------+-------+---------+---------+-------
      Total |     242 |     134 |  35.6 |      54 |      12 |  18.2
            +---------+---------+-------+---------+---------+-------
        D:1 |      24 |       5 |  17.2 |      15 |       3 |  16.7
        D:2 |      71 |       0 |   0.0 |      20 |       0 |   0.0
        D:3 |      22 |       1 |   4.3 |      14 |       1 |   6.7
        D:4 |     125 |     128 |  50.6 |       5 |       8 |  61.5
            +---------+---------+-------+---------+---------+-------
